 Dungeon Crawl Stone Soup version 0.28.0-45-g0d030f2227 (webtiles) character file.

Game seed: 3751591402707948735

18 McKennaii the Conjurer (level 2, -1/19 HPs)
             Began as a Demonspawn Conjurer on Apr 12, 2022.
             Slain by a jackal (2 damage)
             ... on level 1 of the Dungeon.
             The game lasted 00:00:47 (784 turns).

McKennaii the Conjurer (Demonspawn Conjurer)         Turns: 784, Time: 00:00:47

Health: -1/19      AC:  2    Str:  7    XL:     2   Next: 51%
Magic:  0/5        EV:  9    Int: 19    God:
Gold:   21         SH:  0    Dex: 11    Spells: 5/6 levels left

rFire   . . .      SeeInvis .   (no weapon)
rCold   . . .      Faith    .   (no shield)
rNeg    . . .      Spirit   .   a - +0 robe
rPois   .          Reflect  .   (no helmet)
rElec   .          Harm     .   (no cloak)
rCorr   .          Rampage  .   (no gloves)
Will    .....                   (no boots)
Stlth   ++........              (no amulet)
HPRegen 0.06/turn               (no ring)
MPRegen 0.09/turn               (no ring)

@: constricted
A: weakness stinger 1
a: no special abilities


You were on level 1 of the Dungeon.
You visited 1 branch of the dungeon, and saw 1 of its levels.

You collected 21 gold pieces.

Inventory:

Armour
 a - a +0 robe (worn)
Scrolls
 b - 2 scrolls of identify {unknown}
 c - a scroll of silence {unknown}
Potions
 d - a potion of mutation {unknown}


   Skills:
 - Level 1.7 Dodging
 - Level 1.7 Stealth
 + Level 2.5 Spellcasting
 + Level 4.3 Conjurations


You had 5 spell levels left.
You knew the following spells:

 Your Spells              Type           Power      Damage    Failure   Level
a - Magic Dart            Conj           76%        1d6       2%          1

Your spell library contained the following spells:

 Spells                   Type           Power      Damage    Failure   Level
 Searing Ray              Conj           38%        2d5       4%          2
 Dazzling Flash           Conj/Hex       20%        N/A       21%         3
 Fulminant Prism          Conj/Hex       5%         3d7       54%         4
 Iskenderun's Mystic Bla  Conj/Tloc      10%        2d4       54%         4


Dungeon Overview and Level Annotations

Branches:
Dungeon (1/15)

Altars:


Innate Abilities, Weirdness & Mutations

You have a small tail.


Message History

* * * LOW HITPOINT WARNING * * *
The jackal closely misses you.
Casting: Magic Dart (safe; 2% risk of failure)
Confirm with . or Enter, or press ? or * to list all spells.
Aiming: Magic Dart (safe; 2% risk of failure)
Press: ? - help, Shift-Dir - straight line, f/p - jackal
Aim: a jackal (100% to hit)
The magic dart hits the jackal.
The jackal is heavily wounded.
The jackal misses you. The jackal bites you.
* * * LOW HITPOINT WARNING * * *
The jackal bites you.
* * * LOW HITPOINT WARNING * * *
Casting: Magic Dart (safe; 2% risk of failure)
Confirm with . or Enter, or press ? or * to list all spells.
You don't have enough magic to cast this spell.
Unknown command.
Unknown command.
You hit the jackal but do no damage.
The jackal is moderately wounded.
The jackal barely misses you.
The jackal bites you but does no damage. x2
You closely miss the jackal.
Your tail-slap misses the jackal.
The jackal is moderately wounded.
The jackal barely misses you. The jackal bites you.
* * * LOW HITPOINT WARNING * * *
You hit the jackal but do no damage.
The jackal is moderately wounded.
The jackal barely misses you. x2; The jackal closely misses you.
Unknown command.
Unknown command.
You hit the jackal. You tail-slap the jackal.
You kill the jackal!
The jackal closely misses you. The jackal barely misses you.
The ball python misses you. The ball python grabs you.
The ball python constricts you.
You hit the ball python.
The ball python is severely wounded.
The jackal bites you.
You die...

......## ##.......##
.......## ##.........##
........###...........#
..).....#.............##
.......Sh.#.......(....#
......h.####.........#.#
........## ##...K....#.#
.......h.## ####S#...#.#
..........# #@#.#.#.#
#......K..# ##h..##.#
#.........# #.>.# .#
#.........# #...# ..
#.........# #.#.#
)........## #)..#
#.........## #.#.#
#........... #...#
............ #.#.#


You could see a jackal, a ball python and a kobold.

Vanquished Creatures
  2 bats (D:1)
  A giant cockroach (D:1)
  2 goblins (D:1)
  A hobgoblin (D:1)
  3 jackals (D:1)
  6 ball pythons (D:1)
  A frilled lizard (D:1)
  A kobold (D:1)
17 creatures vanquished.

Notes
Turn   | Place    | Note
-------+----------+-------------------------------------------
     0 | D:1      | McKennaii the Demonspawn Conjurer began the quest for the
                  | Orb.
     0 | D:1      | Reached XP level 1. HP: 13/13 MP: 3/3
   414 | D:1      | Gained mutation: You have a small tail. [demonic ancestry]
   414 | D:1      | Reached XP level 2. HP: 8/19 MP: 0/5
   784 | D:1      | Slain by a jackal

Illustrated notes

Levels and vault maps discovered:
D:1:      lemuel_arrival_hallway, layout_rooms

Action                   || total
-------------------------++-------
Melee: Unarmed           ||    43
       Punch             ||     2
       Tailslap          ||     3
 Cast: Magic Dart        ||    29
Armor: Robe              ||    17
Dodge: Dodged            ||    50
